 Dungeon Crawl Stone Soup version 0.17.3-4-g93a25c67f4 (webtiles) character file.

261 SolarFlare the Insei (level 5, -3/41 HPs)
             Began as a Mummy Monk on Nov 13, 2023.
             Slain by a giant frog (4 damage)
             ... in a sewer on Mar 14, 2024.
             The game lasted 00:06:10 (5999 turns).

SolarFlare the Insei (Mummy Monk)                   Turns: 5999, Time: 00:06:10

Health: -3/41      AC:  0    Str: 14    XL:     5   Next: 96%
Magic:  5/5        EV: 13    Int:  9    God:
Gold:   97         SH:  0    Dex: 16    Spells: 0 memorised, 4 levels left

rFire  x . .     SeeInvis .       - Unarmed
rCold  + + .     Clarity  .     (no armour)
rNeg   + + +     SustAt   .     (no shield)
rPois  ∞         Gourm    .     (no helmet)
rElec  .         Spirit   .     (no cloak)
rCorr  .         Warding  .     (no gloves)
rMut   .         Stasis   .     (no boots)
MR     +....                    (no amulet)
Stlth  ++........               a - ring of protection from cold
                                b - ring of protection from magic

@: somewhat resistant to hostile enchantments, unstealthy
A: no food or potions, fire vulnerability, cold resistance 1, negative energy
resistance 3, torment resistance, unbreathing
a: no special abilities


You were in a sewer.
You were not hungry.

You visited 1 branch of the dungeon, and saw 4 of its levels.
You also visited: Sewer.

You collected 97 gold pieces.


Innate Abilities, Weirdness & Mutations

You do not eat or drink.
Your flesh is vulnerable to fire.
You are immune to poison.
Your flesh is cold resistant.
You are immune to negative energy.
You are immune to unholy pain and torment.
You can survive without breathing.


   Skills:
 + Level 3.0 Fighting
 - Level 2.4 Dodging
 - Level 1.5 Stealth
 - Level 6.0 Unarmed Combat


You had 4 spell levels left.
You didn't know any spells.

Inventory:

Jewellery
 a - a ring of protection from cold (right hand)
 b - a ring of protection from magic (left hand)
Scrolls
 c - a scroll of amnesia {unknown}
 d - a scroll of magic mapping {unknown}
 e - a scroll of teleportation {unknown}

Dungeon Overview and Level Annotations

Branches:
Dungeon (4/15)
 Temple: D:4-7

Altars:

Annotations:
D:3 exclusion: orc priest

▒▒≈≈≈▒▒≈≈.▒▒≈≈≈..≈≈≈≈ ▒▒≈≈.▒▒≈≈
▒...≈▒..≈.▒≈...(.?l≈≈ ▒≈≈≈.▒≈≈
▒∩.≈≈▒≈≈≈≈▒≈..?)..≈≈l ▒≈.≈.▒.≈
▒.≈.≈▒.≈.≈▒≈≈≈≈£≈≈.≈≈ ▒≈≈.≈▒≈≈
▒▒≈≈≈▒▒≈≈≈▒≈≈..≈≈≈≈≈≈ ▒▒≈≈≈▒▒≈≈
▒≈≈≈≈▒≈..▒.≈.≈≈.≈.≈≈ ▒▒≈†.≈▒≈≈≈
▒▒≈≈≈▒▒.≈▒▒.≈▒≈≈≈≈≈▒▒▒≈...▒▒≈≈.
▒≈≈.†▒▒≈≈▒≈≈▒▒▒▒▒▒▒.≈≈≈≈▒▒≈≈≈≈
▒▒≈≈≈≈▒≈≈▒▒≈FM≈≈≈..≈≈≈▒▒▒≈.†.▒
▒▒≈≈†≈≈≈≈▒..≈≈≈≈≈≈▒▒▒▒≈≈≈≈≈▒▒
▒▒▒▒≈≈≈▒▒▒▒▒▒▒≈∩≈▒≈≈≈≈.≈≈▒▒
▒▒≈≈▒≈.≈≈≈▒▒▒▒▒≈...▒▒▒▒▒
▒▒▒▒≈≈÷≈≈≈≈.†≈≈▒▒▒▒≈≈∩▒
▒≈.≈▒▒▒▒▒▒▒▒▒≈..†≈▒▒
▒.≈≈≈≈≈≈.≈≈...∩.▒▒▒
▒≈.≈≈≈≈.≈≈≈.▒▒▒▒▒ ▒▒▒▒▒▒▒▒▒▒▒▒▒


You could see a giant frog.


Message History

The giant frog is moderately wounded!
The giant frog hits you!
You take 2 damage, and have 23/41 hp!
You closely miss the giant frog!
The giant frog is moderately wounded!
The giant frog hits you! * * * don't die
* * * The giant frog hits you!!! * * * don't die
* * * You take 12 damage, and have 11/41 hp!
MASSIVE DAMAGE!!!!!!
You beat the giant frog into a bloody pulp!
The giant frog is heavily wounded!
The giant frog hits you! * * * don't die
* * * You take 6 damage, and have 5/41 hp!
You pummel the giant frog like a punching bag!
The giant frog is severely wounded!
The giant frog misses you!
You barely miss the giant frog!
The giant frog is severely wounded!
The giant frog closely misses you!
The giant frog hits you! * * * don't die
* * * You take 4 damage, and have 1/41 hp!
You barely miss the giant frog!
The giant frog is severely wounded!
The giant frog closely misses you!
You closely miss the giant frog!
The giant frog is severely wounded!
The giant frog hits you! rip

Action                   |  1- 3 |  4- 6 || total
-------------------------+-------+-------++-------
Melee: Unarmed           |   179 |   209 ||   388
 Stab: Sleeping          |     5 |       ||     5

Vault maps used:
D:1:      scummos_arrival_hexagon, grunt_decor_arrowhead, item_on_display_a
D:2:      first_bread
D:3:      nicolae_ru_the_path_less_chosen
D:4:      kennysheep_mini_moat, lightli_sewer_entry_pipes,
          minmay_stone_trees_medium, uniq_eustachio, uniq_menkaure
Sewer:    sewer_frog_island_02

Notes
Turn   | Place    | Note
--------------------------------------------------------------
     0 | D:1      | SolarFlare the Mummy Monk began the quest for the Orb.
     0 | D:1      | Reached XP level 1. HP: 18/18 MP: 1/1
   609 | D:2      | Reached XP level 2. HP: 18/24 MP: 2/2
  1293 | D:1      | Reached skill level 4 in Unarmed Combat
  1829 | D:2      | Reached XP level 3. HP: 29/29 MP: 3/3
  3358 | D:4      | Found a glowing drain.
  3365 | Sewer    | Entered a sewer
  3372 | Sewer    | Reached XP level 4. HP: 26/35 MP: 4/4
  4051 | Sewer    | Reached skill level 5 in Unarmed Combat
  5034 | Sewer    | Reached XP level 5. HP: 35/41 MP: 5/5
  5780 | Sewer    | Noticed a giant frog
  5798 | Sewer    | Killed a giant frog
  5798 | Sewer    | Reached skill level 6 in Unarmed Combat
  5983 | Sewer    | Noticed a giant frog
  5997 | Sewer    | HP: 1/41 [giant frog (4)]
  5999 | Sewer    | Slain by a giant frog

Vanquished Creatures
  A giant frog (Sewer)
  5 adders
  11 oozes (Sewer)
  10 giant geckos
  An orc (D:4)
  8 ball pythons (Sewer)
  8 bats
  14 giant cockroaches
  4 goblins
  6 hobgoblins
  6 jackals
  13 giant newts
  A jackal skeleton (D:4)
  3 kobolds
  A quokka (D:2)
  4 rats
96 creatures vanquished.
